cohdb
Replays
Latest Replays
All Replays
Popular Replays
Top Player Replays
Match Explorer
How It Works
Community
CoH3 Stats
Reddit
Sign in to upload your games and track your stats! →
Sign in with Steam
Two Chinese Hacker on LAquila
Match 37316186
Overview
Messages
Build Orders
End
Construct Section Command Post
Infantry Section
Infantry Section
ML 3-inch Mortar Team
Vickers Machine Gun Team
Construct Platoon Command Post
Construct Field Infirmary
6-pounder Anti-tank Gun Team
banksss33
Milliam
Roger Roach
Max Emotional Damage
全面解放陣綫突擊型&41
幼稚也可爱
0
0
Comments
sign in to comment!
No comments posted yet!